 Dungeon Crawl Stone Soup version 0.18.1-48-g4cf74bf (webtiles) character file.

324 OTRawrior the Digger (level 6, -12/32 HPs)
             Began as a Gargoyle Earth Elementalist on Aug 14, 2016.
             Killed from afar by OTRawrior's ghost (14 damage)
             ... with a stone arrow
             ... on level 3 of the Dungeon.
             The game lasted 00:09:14 (3516 turns).

OTRawrior the Digger (Gargoyle Earth Elementalist)  Turns: 3516, Time: 00:09:15

Health: -12/32     AC:  7    Str: 11    XL:     6   Next: 48%
Magic:  2/21       EV: 12    Int: 18    God:
Gold:   178        SH:  0    Dex: 10    Spells: 3 memorised, 5 levels left

rFire  . . .     SeeInvis .     m - +0 whip (venom)
rCold  . . .     Gourm    .     a - +0 robe
rNeg   + . .     Faith    .     (no shield)
rPois  ∞         Spirit   .     (no helmet)
rElec  +         Dismiss  .     (no cloak)
rCorr  .         Reflect  .     (no gloves)
SustAt .         Harm     .     l - +0 pair of boots (curse)
MR     .....                    (no amulet)
Stlth  ++........               (no ring)
                                g - ring of magical power

@: not resistant to hostile enchantments, unstealthy
A: negative energy resistance 1, electricity resistance, unbreathing,
petrification resistance, rot immunity, AC +4
a: no special abilities


You were on level 3 of the Dungeon.
You were near starving.

You visited 1 branch of the dungeon, and saw 3 of its levels.

You collected 178 gold pieces.

Inventory:

Hand Weapons
 m - a +0 whip of venom (weapon)
Missiles
 b - 13 stones (quivered)
Armour
 a - a +0 robe (worn)
 l - a cursed +0 pair of boots (worn)
Jewellery
 g - a ring of magical power (left hand)
Scrolls
 e - a scroll of enchant armour {unknown}
 f - a scroll of remove curse {unknown}
 h - a scroll of noise {unknown}
 i - 2 scrolls of amnesia {unknown}
 j - a scroll of magic mapping {unknown}
 o - 2 scrolls of blinking {unknown}
 s - a scroll of teleportation {unknown}
 u - a scroll of fog {unknown}
Potions
 k - a potion of degeneration {unknown}
 n - a potion of flight {unknown}
 q - a potion of cure mutation {unknown}
 r - a potion of agility {unknown}
Books
 c - a book of Geomancy

   Spells                             Type                      Level
   a - Sandblast                      Earth                        1
   b - Passwall                       Transmutation/Earth          2
   c - Stone Arrow                    Conjuration/Earth            3
   d - Petrify                        Transmutation/Earth          4
   e - Lee's Rapid Deconstruction     Earth                        5
Comestibles
 d - 2 bread rations
 p - a meat ration


   Skills:
 - Level 1.5 Dodging
 - Level 2.1 Stealth
 * Level 4.5 Spellcasting
 + Level 2.6 Conjurations
   Level 0.7 Transmutations
 + Level 5.5 Earth Magic


You had 5 spell levels left.
You knew the following spells:

 Your Spells              Type           Power        Failure   Level  Hunger
a - Sandblast             Erth           ###...       1%          1    None
b - Stone Arrow           Conj/Erth      ###...       10%         3    ###....
c - Lee's Rapid Deconstr  Erth           ###.......   41%         5    ######.


Dungeon Overview and Level Annotations

Branches:
Dungeon (3/15)

Altars:
Ashenzari
Elyvilon
Pakellas
Xom

Annotations:
D:3 OTRawrior's ghost, amateur GrEE


Innate Abilities, Weirdness & Mutations

You are resistant to torment.
Your stone body is resilient (AC +4).
You are immune to poison.
You resist negative energy.
You are resistant to electric shocks.
You can survive without breathing.
You are immune to petrification.
You are immune to rotting.


Message History

Okay, then.
There's nothing to close nearby.
You aren't carrying any items that you can evoke.
Casting: Stone Arrow
Confirm with . or Enter, or press ? or * to list all spells.
Aiming: Sandblast
Press: ? - help, Shift-Dir - straight line, f/p - OTRawrior's ghost
Aim: OTRawrior's ghost (severely damaged)
The blast of sand hits OTRawrior's ghost.
OTRawrior's ghost is severely damaged.
OTRawrior's ghost hits you.
* * * LOW HITPOINT WARNING * * *
OTRawrior's ghost gestures at you while chanting.
The rocky blast misses you.
You see here a club.
The earth trembles for a moment.
OTRawrior's ghost says very slowly, "There's no hope."
OTRawrior's ghost casts a spell at you. The stone arrow hits you!
You die...

###### #.##.#######
######.##.......#
#.@...W##.#####.###
#.####..........##.
#.#######)########.
...#####.#................
#........#.#####)########.
#.######.#.#..............
#####..##.#.##########
..................# #
....###.##.######.### #


You could see OTRawrior's ghost.

Vanquished Creatures
  An ogre (D:3)
  An orc wizard (D:3)
  8 gnolls
  6 adders
  2 worms (D:3)
  2 dart slugs (D:1)
  4 orcs (D:3)
  2 giant cockroaches
  4 goblins (D:2)
  7 hobgoblins
  10 jackals
  5 kobolds
  12 bats
  4 giant newts
  8 rats
76 creatures vanquished.

Notes
Turn   | Place    | Note
--------------------------------------------------------------
     0 | D:1      | OTRawrior the Gargoyle Earth Elementalist began the quest for the Orb.
     0 | D:1      | Reached XP level 1. HP: 10/10 MP: 3/3
   436 | D:1      | Reached XP level 2. HP: 15/15 MP: 5/5
   931 | D:1      | Reached skill level 4 in Earth Magic
  1074 | D:1      | Reached XP level 3. HP: 7/19 MP: 7/7
  1331 | D:2      | Learned a level 3 spell: Stone Arrow
  1452 | D:2      | Reached XP level 4. HP: 12/24 MP: 8/8
  1740 | D:2      | Reached skill level 1 in Conjurations
  1873 | D:2      | Found an oddly glowing altar of Pakellas.
  1936 | D:2      | Reached XP level 5. HP: 11/28 MP: 9/10
  2065 | D:2      | Found a shimmering altar of Xom.
  2190 | D:3      | Reached skill level 5 in Earth Magic
  2360 | D:3      | Noticed an ogre
  2367 | D:3      | Killed an ogre
  2367 | D:3      | Reached XP level 6. HP: 32/32 MP: 12/12
  2374 | D:3      | Learned a level 5 spell: Lee's Rapid Deconstruction
  2426 | D:3      | Found a shattered altar of Ashenzari.
  2816 | D:3      | Found a white marble altar of Elyvilon.
  3497 | D:3      | Noticed OTRawrior's ghost (amateur GrEE)
  3508 | D:3      | HP: 1/32 [OTRawrior's ghost (2)]
  3516 | D:3      | Killed from afar by OTRawrior's ghost

Skill      XL: |  1  2  3  4  5 |
---------------+----------------+-----
Earth Magic    | 4 5 |  5.5
Spellcasting   | 3 4 |  4.5
Conjurations   | 1 2 |  2.6
Dodging        | |  1.5
Stealth        | |  2.1
Transmutations | |  0.7

Action                   |  1- 3 |  4- 6 || total
-------------------------+-------+-------++-------
Melee: Dagger            |     5 |       ||     5
       Short sword       |    13 |    51 ||    64
       Flail             |       |    18 ||    18
       Whip              |       |    29 ||    29
 Cast: Sandblast         |    45 |    58 ||   103
       Stone Arrow       |       |    14 ||    14
 Stab: Sleeping          |       |     1 ||     1
  Eat: Chunk             |     2 |     6 ||     8
Armor: Robe              |    43 |    65 ||   108
Dodge: Dodged            |    79 |   111 ||   190
